 Dungeon Crawl Stone Soup version 0.27-a0-1191-g601b473118 (webtiles) character file.

Game seed: 8754504326180721321

51 jasper the Grave Robber (level 3, -1/39 HPs)
             Began as a Demonspawn Necromancer on May 23, 2021.
             Succumbed to an adder's poison
             ... on level 2 of the Dungeon.
             The game lasted 00:05:12 (2247 turns).

jasper the Grave Robber (Demonspawn Necromancer)    Turns: 2247, Time: 00:05:12

Health: -1/39      AC: 21    Str: 14    XL:     3   Next: 58%
Magic:  0/6        EV:  2    Int: 17    God:
Gold:   68         SH:  0    Dex: 13    Spells: 1/6 levels left

rFire    . . .     SeeInvis .     - Unarmed
rCold    . . .     Faith    .   (no shield)
rNeg     + + +     Spirit   .   (armour currently unavailable)
rPois    +         Reflect  .   (helmet currently unavailable)
rElec    .         Harm     .   (cloak currently unavailable)
rCorr    .         Rampage  .   (gloves currently unavailable)
Will     .....     NoTele   +   (boots currently unavailable)
Stlth    ++........             d - amulet of the acrobat
HPRegen  0.13/turn              h - +6 ring of strength
MPRegen  0.10/turn              (no ring)

@: brilliant, lethally poisoned (-1 -> -9), tree-form
A: stationary, stasis, torment immunity, boosted hp, (hooves 1)
a: no special abilities


You were on level 2 of the Dungeon.
You were a tree.
You visited 1 branch of the dungeon, and saw 2 of its levels.

You collected 68 gold pieces.

Inventory:

Hand Weapons
 b - a +0 spear
Missiles
 c - 58 stones
 e - 28 arrows
Armour
 a - a +0 robe
 f - a +0 leather armour (melded)
Jewellery
 d - an amulet of the acrobat (around neck)
 h - a +6 ring of strength (left branch)
Scrolls
 k - a scroll of identify {unknown}
Potions
 j - a potion of flight {unknown}


   Skills:
 + Level 1.0 Fighting
 + Level 2.1 Dodging
 - Level 1.7 Stealth
 * Level 1.2 Unarmed Combat
 - Level 2.0 Spellcasting
 + Level 5.1 Necromancy


You had one spell level left.
You knew the following spells:

 Your Spells              Type           Power      Damage    Failure   Level
a - Pain                  Necr           100%       1d9       2%          1
b - Animate Skeleton      Necr           56%        N/A       2%          1
c - Vampiric Draining     Necr           14%        2d8       7%          3

Your spell library contained the following spells:

 Spells                   Type           Power      Damage    Failure   Level
 Animate Dead             Necr           14%        N/A       24%         4
 Agony                    Necr           28%        N/A       54%         5


Dungeon Overview and Level Annotations

Branches:
Dungeon (2/15)

Altars:
Ashenzari


Innate Abilities, Weirdness & Mutations

You are a tree.
Your roots penetrate the ground, keeping you stationary.
You cannot be teleported.
You are immune to unholy pain and torment.
Your maximum health is greatly increased.
Your equipment is partially melded.
((You have large cloven feet.))


Message History

The adder is almost dead.
You feel sick. The adder barely misses you.
You take 1 damage, and have 21/25 hp.
You are now empty-handed.
You feel sick. The adder barely misses you.
You take 1 damage, and have 20/25 hp.
You closely miss the adder. Your kick misses the adder.
The adder is severely wounded.
You feel sick. The adder bites you.
You take 2 damage, and have 18/25 hp.
You miss the adder.
The adder is severely wounded.
You feel sick. The adder bites you.
You are more poisoned.
The adder poisons you!
You take 4 damage, and have 14/25 hp.
You barely miss the adder.
The adder is severely wounded.
You feel sick. The adder bites you.
You are more poisoned.
The adder poisons you! The adder bites you.
* * * LOW HITPOINT WARNING * * *
You take 8 damage, and have 6/25 hp.
MASSIVE DAMAGE!!
Aiming: Pain (safe; 3% risk of failure)
Press: ? - help, Q - select action, (/) - cycle Shift-Dir - straight line, f/p - adder
Aim: an adder (severely wounded, chance to affect: 84%)
The adder writhes in agony.
You kill the adder!
* * * LOW HITPOINT WARNING * * *
You feel very sick.
Your Fighting skill increases to level 1!
You take 4 damage, and have 2/26 hp.
You now have 0/6 mp.
It was a potion of lignification.
You turn into a tree.
Your +0 leather armour melds into your body.
Your roots penetrate the ground.
* * * LOW HITPOINT WARNING * * *
You feel sick.
You now have 1/39 hp.
It was a potion of brilliance.
You feel clever all of a sudden.
You die...

#.._......# ###
#.....>#### #
#......# #.
###.#..# #..
#....# #...
####.# #....
#.#
#.....#######.#
#.....[.♣.....#
##.###)######.#
#. ### .. ...
K... #####
....$ #....
...... #.###
#.#


There were no monsters in sight!

Vanquished Creatures
  2 adders
  5 endoplasms
  4 goblins (D:1)
  3 hobgoblins
  3 ball pythons (D:1)
  5 bats
  3 frilled lizards (D:1)
  6 kobolds
  2 rats
33 creatures vanquished.

Notes
Turn   | Place    | Note
-------+----------+-------------------------------------------
     0 | D:1      | jasper the Demonspawn Necromancer began the quest for the
                  | Orb.
     0 | D:1      | Reached XP level 1. HP: 13/13 MP: 3/3
    56 | D:1      | Learned a level 1 spell: Animate Skeleton
   242 | D:1      | Found a faded altar of an unknown god.
   591 | D:1      | Gained mutation: You have large cloven feet. [demonic
                  | ancestry]
   591 | D:1      | Reached XP level 2. HP: 18/19 MP: 3/5
   924 | D:1      | Reached skill level 5 in Necromancy
  1801 | D:2      | Reached XP level 3. HP: 23/25 MP: 3/6
  1885 | D:1      | Reached skill level 1 in Unarmed Combat
  1995 | D:2      | Learned a level 3 spell: Vampiric Draining
  2198 | D:2      | Found a broken altar of Ashenzari.
  2246 | D:2      | Reached skill level 1 in Fighting
  2246 | D:2      | HP: 1/39 [poisoned by an adder]
  2247 | D:2      | Succumbed to an adder's poison

Illustrated notes

Levels and vault maps discovered:
D:1:      wander_arrival_fairy_ring, layout_basic,
          shapermc_ecumenical_altar_mp_highgroup, minmay_misc_feat_encased
D:2:      layout_basic, basic_altar, minmay_tripent

Skill      XL: |  1  2  3 |
---------------+----------+-----
Necromancy     | 5 |  5.1
Dodging        | 2 |  2.1
Unarmed Combat | 1 |  1.2
Fighting       | 1 |  1.0
Stealth        | |  1.7
Spellcasting   | |  2.0

Action                   || total
-------------------------++-------
Melee: Spear             ||    15
       Unarmed           ||     3
       Kick              ||     3
Throw: Stone             ||    15
 Cast: Pain              ||    61
       Animate Skeleton  ||     2
       Vampiric Draining ||     1
  Use: Scroll            ||     1
       Potion            ||     2
Armor: Robe              ||     2
       Leather armour    ||     7
Dodge: Dodged            ||    22

Table legend: (Time is in decaauts)
 A = Elapsed time spent in this place.
 B = Non-inter-level travel time spent in this place.
 C = Inter-level travel time spent in this place.
 D = Time resting spent in this place.
 E = Time spent auto-exploring this place.
 F = Levels seen in this place.
 G = Mean time per level.
                   A        B        C        D        E       F      G
               +--------+--------+--------+--------+--------+-----+--------+
         Total |   2249 |   2198 |     51 |    799 |   1154 |   2 | 1124.5 |
       Dungeon |   2249 |   2198 |     51 |    799 |   1154 |   2 | 1124.5 |
               +--------+--------+--------+--------+--------+-----+--------+

Top non-repeatable levels by time:
     D:1: 1687 daAuts
     D:2: 562 daAuts
